 Dungeon Crawl Stone Soup version 0.26-a0-859-gf57989e088 (webtiles) character file.

Game seed: 17240914549115626834

105 Decritt the Changer (level 4, 0/33 HPs)
             Began as a Merfolk Transmuter on Nov 25, 2020.
             Slain by a gnoll
             ... wielding a +0 spear
              (3 damage)
             ... on level 2 of the Dungeon.
             The game lasted 00:06:31 (2538 turns).

Decritt the Changer (Merfolk Transmuter)            Turns: 2538, Time: 00:06:32

Health: 0/33       AC:  6    Str: 11    XL:     4   Next: 81%
Magic:  5/7        EV: 13    Int: 12    God:
Gold:   168        SH:  0    Dex: 14    Spells: 5/8 levels left

rFire    . . .     SeeInvis .     - Unarmed
rCold    . . .     Faith    .   (no shield)
rNeg     . . .     Spirit   .   a - +0 robe
rPois    +         Reflect  .   (helmet currently unavailable)
rElec    .         Harm     .   (no cloak)
rCorr    .         Rampage  .   (no gloves)
MR       .....                  (boots currently unavailable)
Stlth    +.........             (no amulet)
HPRegen  0.11/turn              d - +4 ring of protection
MPRegen  0.10/turn              g - ring of poison resistance

@: mighty, lethally poisoned (0 -> -2), appendages (expiring), wereblooded
A: change form in water, swift swim, stealthy swim, horns 2
a: End Transformation


You were on level 2 of the Dungeon.
You had grown temporary horns.
You visited 1 branch of the dungeon, and saw 2 of its levels.

You collected 168 gold pieces.

Inventory:

Armour
 a - a +0 robe (worn)
Jewellery
 d - a +4 ring of protection (left hand)
 g - a ring of poison resistance (right hand)
Scrolls
 c - 2 scrolls of blinking {unknown}
 h - a scroll of enchant weapon {unknown}
 i - a scroll of remove curse {unknown}
 k - 4 scrolls of teleportation {unknown}
 l - 2 scrolls of identify {unknown}
Potions
 b - a potion of degeneration {unknown}
 e - a potion of curing {unknown}
 f - a potion of brilliance {unknown}
 j - a potion of heal wounds {unknown}
 m - a potion of might


   Skills:
 * Level 2.2 Fighting
 + Level 3.4 Dodging
 + Level 3.8 Unarmed Combat
 + Level 2.5 Spellcasting
 + Level 4.3 Transmutations


You had 5 spell levels left.
You knew the following spells:

 Your Spells              Type           Power        Failure   Level
a - Beastly Appendage     Tmut           ##....       4%          1
b - Wereblood             Tmut           ##......     6%          2

Your spell library contained the following spells:

 Spells                   Type           Power        Failure   Level
 Spider Form              Tmut/Pois      #.........   32%         3
 Ice Form                 Ice/Tmut       #.......     71%         4
 Blade Hands              Tmut           ##........   75%         5


Dungeon Overview and Level Annotations

Branches:
Dungeon (2/15)

Altars:


Innate Abilities, Weirdness & Mutations

You revert to your normal form in water.
You are very nimble and swift while swimming.
You are very stealthy in the water. (Stealth+)
You have a pair of horns on your head.


Message History

* * * LOW HITPOINT WARNING * * *
You hit the adder.
The adder is lightly wounded.
The adder bites you.
* * * LOW HITPOINT WARNING * * *
You are poisoned.
The adder poisons you!
You hit the adder. You headbutt the adder.
You kill the adder!
You feel sick.
The gnoll hits you from afar with a +0 halberd!
* * * LOW HITPOINT WARNING * * *
The gnoll misses you.
You feel sick.
You feel sick.
It was a potion of might.
You feel very mighty all of a sudden.
You howl as the wereblood boils in your veins!
The gnoll hits you from afar with a +0 spear.
You die...

########## ######
#........# ## .....#
#.#...##.# ##.## ####.#
#.)###.#.# ##...##
####.####.##
##..####.....##
#.........#
#..g..g......#
#.##.####.##
##.g####.>...## #.##.#
#..###.#.# ##...## #.##.#
#.....##@# ##.## .....#
#........# ..# #.####
###.###### #... #.# #.#
.#.. #.### ##'## .##.#
#...######...## # .#
........#.....## ### .
....###....)...## ##.##
....###.........####...##


You could see 2 gnolls.

Vanquished Creatures
  A gnoll (D:2)
  4 adders (D:2)
  2 worms (D:2)
  2 dart slugs
  5 bats
  A giant cockroach (D:2)
  8 goblins
  8 hobgoblins (D:2)
  10 kobolds
  A quokka (D:2)
  4 frilled lizards
  4 rats
50 creatures vanquished.

Notes
Turn   | Place    | Note
-------+----------+-------------------------------------------
     0 | D:1      | Decritt the Merfolk Transmuter began the quest for the Orb.
     0 | D:1      | Reached XP level 1. HP: 15/15 MP: 3/3
   291 | D:1      | Reached skill level 3 in Transmutations
   295 | D:1      | Reached XP level 2. HP: 20/21 MP: 5/5
   796 | D:2      | Reached XP level 3. HP: 26/27 MP: 6/6
  1776 | D:2      | Reached skill level 4 in Transmutations
  1867 | D:2      | Reached XP level 4. HP: 29/33 MP: 7/7
  2318 | D:2      | Learned a level 2 spell: Wereblood
  2538 | D:2      | Slain by a gnoll

Illustrated notes

Levels and vault maps discovered:
D:1:      minmay_arrival_four_houses, layout_basic, palyth_stone_intersect
D:2:      minmay_skewed_foursquare, layout_loops_corners

Skill      XL: |  1  2  3 |
---------------+----------+-----
Transmutations | 3 4 |  4.3
Dodging        | 3 |  3.4
Fighting       | 2 |  2.2
Unarmed Combat | |  3.8
Spellcasting   | |  2.5

Action                   |  1- 3 |  4- 6 || total
-------------------------+-------+-------++-------
Melee: Unarmed           |   151 |    55 ||   206
       Headbutt          |     2 |     2 ||     4
       Punch             |     3 |     1 ||     4
 Cast: Beastly Appendage |     2 |     2 ||     4
       Wereblood         |       |     2 ||     2
  Use: Potion            |       |     1 ||     1
 Stab: Sleeping          |     2 |       ||     2
Armor: Robe              |    34 |    17 ||    51
Dodge: Dodged            |    92 |    49 ||   141

Table legend: (Time is in decaauts)
 A = Elapsed time spent in this place.
 B = Non-inter-level travel time spent in this place.
 C = Inter-level travel time spent in this place.
 D = Time resting spent in this place.
 E = Time spent auto-exploring this place.
 F = Levels seen in this place.
 G = Mean time per level.
                   A        B        C        D        E       F      G
               +--------+--------+--------+--------+--------+-----+--------+
         Total |   2523 |   2499 |     24 |    543 |   1562 |   2 | 1261.5 |
       Dungeon |   2523 |   2499 |     24 |    543 |   1562 |   2 | 1261.5 |
               +--------+--------+--------+--------+--------+-----+--------+

Top non-repeatable levels by time:
     D:2: 1768 daAuts
     D:1: 754 daAuts
